 Dungeon Crawl Stone Soup version 0.28.0-43-g3370ac3207 (webtiles) character file.

Game seed: 12332344177407630119

549 crimpus the Quickloader (level 7, -1/42 (43) HPs)
             Began as a Kobold Hunter on Mar 27, 2022.
             Was a Follower of Okawaru.
             Killed from afar by a white imp (11 damage)
             ... with a puff of frost
             ... on level 7 of the Dungeon.
             The game lasted 00:05:26 (3553 turns).

crimpus the Quickloader (Kobold Hunter)             Turns: 3553, Time: 00:05:28

HP:   -1/42 (43)    AC:  7    Str: 11    XL:     7   Next: 54%
MP:   7/8           EV: 15    Int: 12    God:    Okawaru [*.....]
Gold: 142           SH:  0    Dex: 16    Spells: 6/6 levels left

rFire   . . .      SeeInvis .   a - +1 hand crossbow
rCold   . . .      Faith    .   (no shield)
rNeg    . . .      Spirit   .   c - +1 leather armour
rPois   .          Reflect  .   (no helmet)
rElec   .          Harm     .   (no cloak)
rCorr   .          Rampage  .   p - +2 pair of gloves
Will    .....                   (no boots)
Stlth   +++.......              r - amulet of the acrobat
HPRegen 0.14/turn               (no ring)
MPRegen 0.11/turn               (no ring)

@: lightly drained
A: small, no large weapons, nightstalker 3
a: Renounce Religion, Heroism


You were on level 7 of the Dungeon.
You worshipped Okawaru.
Okawaru was aware of your devotion.
You visited 1 branch of the dungeon, and saw 6 of its levels.

You collected 142 gold pieces.

Inventory:

Hand Weapons
 a - a +1 hand crossbow (weapon)
 b - a +0 short sword
Missiles
 d - 32 bolts (quivered ammo)
Armour
 c - a +1 leather armour (worn)
 p - a +2 pair of gloves (worn)
Jewellery
 r - an amulet of the acrobat (around neck)
 s - a ring of ice
Wands
 q - a wand of paralysis (5)
Scrolls
 f - a scroll of fog
 g - 3 scrolls of teleportation {unknown}
 i - a scroll of fear {unknown}
 j - 2 scrolls of immolation
 t - a scroll of identify
 u - 2 scrolls of noise {unknown}
 v - 2 scrolls of silence {unknown}
Potions
 e - 2 potions of berserk rage {unknown}
 h - a potion of lignification {unknown}
 k - a potion of brilliance {unknown}
 l - a potion of magic {unknown}
 m - a potion of attraction {unknown}
 n - a potion of ambrosia {unknown}
 o - 3 potions of heal wounds {unknown}
 w - a potion of curing {unknown}


   Skills:
 * Level 4.0 Fighting
 * Level 8.5 Crossbows
 * Level 3.4 Dodging
 * Level 3.4 Stealth
 * Level 1.3 Invocations


You had 6 spell levels left.
You didn't know any spells.
Your spell library was empty.

Dungeon Overview and Level Annotations

Branches:
Dungeon (7/15)             Temple (0/1) D:7

Altars:
Okawaru

Shops:
D:2 [   D:5 ?


Innate Abilities, Weirdness & Mutations

You are small and have problems with some larger weapons.
You are completely attuned to the shadows.


Message History

The puff of frost hits you.
You shoot a bolt. The bolt hits the wight.
The wight is heavily damaged.
The wight closely misses you.
You shoot a bolt. The bolt hits the wight.
The wight is severely damaged.
The wight misses you. The white imp gestures at you.
The puff of frost hits you. The wight closely misses you.
You shoot a bolt. The bolt completely misses the wight.
The wight hits you from afar with a +0 spear!
You feel drained. The wight misses you. The wight barely misses you.
You shoot a bolt. The bolt hits the wight!
You destroy the wight!
Okawaru accepts your kill.
The white imp hits you but does no damage.
The wight hits you from afar with a +0 spear.
You feel drained.
Your Fighting skill increases to level 4!
The white imp gestures at you. The puff of frost hits you!
You are too injured to fight recklessly!
Fire: 34 bolts
Press: ? - help, Q - select action, (/) - cycle Shift-Dir - straight line, f - wight
Aim: a wight, wielding a +0 spear and wearing a +0 robe (moderately damaged, 70% to hit)
You shoot a bolt. The bolt hits the wight.
The wight is severely damaged.
The wight hits you from afar with a +0 spear.
* * * LOW HITPOINT WARNING * * *
Fire: 33 bolts
Press: ? - help, Q - select action, (/) - cycle Shift-Dir - straight line, f/p - wight
Aim: a wight, wielding a +0 spear and wearing a +0 robe (severely damaged, 70% to hit)
You shoot a bolt. The bolt barely misses the white imp.
The bolt hits the wight but does no damage.
The wight is severely damaged.
The wight hits you from afar with a +0 spear.
* * * LOW HITPOINT WARNING * * *
The white imp gestures at you. The puff of frost hits you!
You die...

######............(.(#
....##.####......(>..#
##8.8### ##......(#
........ #.......#
.......° #......##
.......○ #......#
........ #....z##
........ #....5###
........ #....@..#
.......° #.......#
........ #.......#
......○. ###.....#
........ #....)#
........ #.....#
.......°. #.....#
........... #######
...........


You could see a wight and a white imp.

Vanquished Creatures
  A bullfrog (D:7)
  2 scorpions
  A wight (D:7)
  A centaur zombie (D:7)
  An orc priest (D:5)
  A jelly (D:4)
  A centaur skeleton (D:7)
  An orc wizard (D:5)
  A scorpion zombie (D:5)
  7 adders
  An ufetubus (D:5)
  2 worms
  3 dart slugs
  7 orcs
  5 bats
  6 endoplasms
  2 giant cockroaches
  3 goblins
  4 hobgoblins
  9 jackals
  2 quokkas
  8 ball pythons
  3 frilled lizards
  7 kobolds
  4 rats
83 creatures vanquished.

Notes
Turn   | Place    | Note
-------+----------+-------------------------------------------
     0 | D:1      | crimpus the Kobold Hunter began the quest for the Orb.
     0 | D:1      | Reached XP level 1. HP: 12/12 MP: 1/1
   306 | D:1      | Reached skill level 5 in Crossbows
   328 | D:1      | Reached XP level 2. HP: 17/17 MP: 2/2
   848 | D:2      | Reached XP level 3. HP: 22/22 MP: 3/3
   975 | D:2      | Found a faded altar of an unknown god.
   986 | D:2      | Reached skill level 6 in Crossbows
  1003 | D:2      | Reached XP level 4. HP: 27/27 MP: 4/4
  1386 | D:2      | Found Ladopp's Antique Armour Shoppe.
  1905 | D:3      | Reached XP level 5. HP: 31/31 MP: 5/5
  2005 | D:3      | Found an iron altar of Okawaru.
  2023 | D:3      | Became a worshipper of Warmaster Okawaru
  2380 | D:4      | Reached skill level 7 in Crossbows
  2541 | D:4      | Reached XP level 6. HP: 37/37 MP: 6/6
  3072 | D:5      | Entered Level 5 of the Dungeon
  3092 | D:5      | Found Anaimapp's Magic Scroll Emporium.
  3395 | D:5      | You fall into a shaft and drop 2 floors!
  3395 | D:7      | Found a staircase to the Ecumenical Temple.
  3457 | D:7      | Reached * piety under Okawaru
  3458 | D:7      | Reached skill level 8 in Crossbows
  3458 | D:7      | Reached XP level 7. HP: 40/42 MP: 7/7
  3483 | D:7      | Reached skill level 1 in Invocations
  3553 | D:7      | Killed from afar by a white imp

Illustrated notes

Levels and vault maps discovered:
D:1:      matt_arrival_grand_opening, layout_loops_ring,
          kennysheep_decorative_pillar, serial_bayou_pond_a
D:2:      layout_loops_ring, serial_bayou, serial_bayou_crossing,
          serial_bayou_pond_d, serial_bayou_lagoon_a, serial_bayou_shore_b,
          serial_shops, nicolae_lakefront_shop, ebering_ecumenical_altar_box
D:3:      layout_basic, mainiacjoe_overflow_concentric_impassable,
          hangedman_decor_push
D:4:      layout_rooms, chequers_serial_rivers_micro_a,
          kennysheep_generic_room_6
D:5:      layout_loops_corners, serial_shops, shop_scrolls
D:7:      layout_basic, lemuel_temple_firewalk_a

Skill      XL: |  1  2  3  4  5  6  7 |
---------------+----------------------+-----
Crossbows      | 5 6 7 8 |  8.5
Stealth        | 2 3 |  3.4
Fighting       | 3 4 |  4.0
Dodging        | 3 |  3.4
Invocations    | 1 |  1.3

Action                   |  1- 3 |  4- 6 |  7- 9 || total
-------------------------+-------+-------+-------++-------
 Fire: Hand crossbow     |    58 |   134 |    26 ||   218
  Use: Scroll            |       |     5 |       ||     5
Armor: Leather armour    |       |    12 |     3 ||    15
Dodge: Dodged            |     5 |    51 |    15 ||    71
